 Dungeon Crawl Stone Soup version 0.24.0-13-gcf9b3192b9 (webtiles) character file.

Game seed: 18209549071838031595, levelgen mode: deterministic

28182 Johnny the Carver (level 13, 0/110 HPs)
             Began as a Troll Berserker on Nov 10, 2019.
             Was a High Priest of Trog.
             Slain by a wyvern zombie (12 damage)
             ... on level 12 of the Dungeon.
             The game lasted 00:22:01 (13642 turns).

Johnny the Carver (Troll Berserker)                Turns: 13642, Time: 00:22:01

Health: 0/110      AC:  3    Str: 32    XL:     13   Next: 8%
Magic:  12/12      EV: 15    Int:  3    God:    Trog [*****.]
Gold:   1953       SH:  0    Dex: 14    Spells: 12/12 levels left

rFire    + . .     SeeInvis .   V - +0 great sword (protect)
rCold    + . .     Gourm    +   (shield currently unavailable)
rNeg     . . .     Faith    .   g - +2 troll leather armour {Snorg}
rPois    .         Spirit   .   (helmet restricted)
rElec    .         Reflect  .   p - scarf {rC+ rF+}
rCorr    .         Harm     .   (gloves unavailable)
MR       .....                  (boots unavailable)
Stlth    +.........             M - amulet of magic regeneration
HPRegen  1.08/turn              y - +5 ring of protection
MPRegen  0.38/turn              B - +5 ring of dexterity

@: lethally poisoned (0 -> -7), corroded, berserk cooldown, slowed, drained,
very slow
A: large, unfitting armour, claws 3, fast metabolism 3, gourmand, regeneration
1, shaggy fur 1, tough skin 3
a: Berserk, Trog's Hand, Brothers in Arms, Renounce Religion


You were on level 12 of the Dungeon.
You worshipped Trog.
Trog was extremely pleased with you.
You were very hungry.

You visited 3 branches of the dungeon, and saw 15 of its levels.
You also visited: Bailey.

You collected 2137 gold pieces.
You spent 184 gold pieces at shops.

Inventory:

Hand Weapons
 D - a +4 double sword of slicing
 R - the +8 demon trident of Misery {flame, +Rage rElec rC- Dex+6, unknown}
   (You found it on level 2 of the Orcish Mines)

   It has been specially enchanted to burn those struck by it, causing extra
   injury to most foes and up to half again as much damage against particularly
   susceptible opponents.
   It affects your dexterity (+6).
   It makes you vulnerable to cold.
   It insulates you from electricity.
   It lets you go berserk.
 U - a +2 great sword of holy wrath
 V - a +0 great sword of protection (weapon)
 W - a +1 falchion of flaming
Missiles
 s - a throwing net (quivered)
Armour
 g - a +2 troll leather armour (worn) {Snorg}
 p - a scarf of resistance (worn)
Jewellery
 b - an uncursed ring of resist corrosion
 w - an uncursed ring of protection from cold
 y - a +5 ring of protection (left claw)
 B - a +5 ring of dexterity (right claw)
 E - the ring "Zyaphore" {Fire rPois Str+2}
   (You found it on level 9 of the Dungeon)

   [ring of fire]

   It enhances your fire magic.
   It affects your strength (+2).
   It protects you from fire.
   It makes you vulnerable to cold.
   It protects you from poison.
 M - an amulet of magic regeneration (around neck)
 P - an uncursed ring of poison resistance {unknown}
Wands
 L - a wand of digging (4)
 N - a wand of random effects (7)
Scrolls
 e - 5 scrolls of remove curse
 f - 2 scrolls of noise
 l - a scroll of fog
 m - 2 scrolls of random uselessness
 t - 3 scrolls of magic mapping
 u - 6 scrolls of teleportation
 x - a scroll of enchant weapon {unknown}
 z - a scroll of blinking {unknown}
 F - a scroll of brand weapon {unknown}
 K - 2 scrolls of enchant armour {unknown}
Potions
 h - 3 potions of heal wounds
 i - 3 potions of brilliance
 k - a potion of resistance {unknown}
 o - 4 potions of curing
 q - 2 potions of berserk rage {unknown}
 r - 3 potions of degeneration {unknown}
 v - a potion of cancellation {unknown}
 A - 2 potions of lignification {unknown}
 C - a potion of haste {unknown}
 G - 2 potions of agility {unknown}
 H - 2 potions of mutation {unknown}
 J - 3 potions of might {unknown}
 Q - a potion of magic {unknown}
 T - a potion of ambrosia {unknown}
Comestibles
 c - 28 rations


   Skills:
 - Level 2.4(1.7) Fighting
 * Level 14.9(13.9) Long Blades
 + Level 11.1(10.2) Dodging


You had 12 spell levels left.
You didn't know any spells.
Your spell library contained the following spells:

 Spells                   Type           Power        Failure   Level  Hunger
 Poisonous Vapours        Pois/Air       #.....       71%         2    ###....
 Conjure Flame            Conj/Fire      #.......     90%         3    ####...
 Mephitic Cloud           Conj/Pois/Air  #.......     90%         3    ####...
 Freezing Cloud           Conj/Ice/Air   #.........   100%        6    #######
 Ring of Flames           Chrm/Fire      #.........   100%        7    #######


Dungeon Overview and Level Annotations

Branches:
Dungeon (12/15)            Temple (1/1) D:7            Lair (0/6) D:9
    Orc (2/2) D:10            Elf (0/3) Orc:2        Bailey (visited)

Altars:
Ashenzari
Cheibriados
Dithmenos
Elyvilon
Fedhas
Gozag
Hepliaklqana
Kikubaaqudgha
Makhleb
Nemelex Xobeh
Okawaru
Qazlal
Ru
Sif Muna
Trog
Uskayaw
Vehumet
Wu Jian
Xom
Yredelemnul
Zin
The Shining One
Beogh

Shops:
Orc:2 ([%!*


Innate Abilities, Weirdness & Mutations

You are too large for most types of armour.
You have claws for hands.
Your metabolism is lightning-fast.
You like to eat raw meat.
Your natural rate of healing is unusually fast.
You are covered in fur. (AC +1)
You have extremely tough skin. (AC +3)


Message History

The red devil hits you from afar with a +0 demon trident!!
The rust devil disappears in a puff of smoke!
The redback closely misses you. The redback bites you.
You are poisoned.
The redback poisons you! The wyvern zombie barely misses you.
You feel very sick. The redback bites you. The wyvern zombie barely misses you.
There is a stone staircase leading up, spattered with blood here.
Unknown command.
You feel very sick.
The hell rat disappears in a puff of smoke!
The redback bites you!
* * * LOW HITPOINT WARNING * * *
The ice devil completely misses you.
The red devil hits you from afar with a +0 demon trident!
* * * LOW HITPOINT WARNING * * *
The wyvern zombie closely misses you. The redback closely misses you.
You riposte.
You closely miss the redback. The ice devil misses you.
The wyvern zombie bites you!
You die...

#..... ## ...... .
...... #.###### ..^...
#.#.... ....... ....#
$#.. ####..#####....
#.#..4r..........
#...@s4r../..#
........Ze....###
#.!.)#..r.....####.#..
##.# #................
.. #..........)...#..
. ......######......#
...Z...# ##....#
.......# ..... .. .###


You could see an ice devil, a deep elf mage, a red devil, a redback, 3 hell
rats, a wyvern zombie and a bullfrog skeleton (wandering).

Vanquished Creatures
  2 orc warlords (Orc:2)
  The ghost of pantherbaby the Carver, a journeyman BaFi of Okawaru (Orc:2)
  Snorg (Orc:2)
  6 two-headed ogres
  The ghost of Ceqiddiy the Fencer, a novice MiMo of Dithmenos (D:9)
  Nergalle (D:10)
  An unseen horror (D:10)
  Pikel (D:8)
  3 orc knights
  An orc sorcerer (Orc:2)
  A cyclops (D:11)
  A manticore (D:10)
  A queen bee (D:8)
  Grinder (D:3)
  3 slime creatures
  4 hippogriffs
  Sigmund (D:3)
  7 yaks
  A wyvern (D:10)
  A hungry ghost (D:12)
  The ghost of Delamore the Chopper, an amateur HOFi of Hepliaklqana (D:3)
  5 wargs
  25 orc warriors
  3 porcupines (D:9)
  A necrophage (D:7)
  5 sky beasts
  3 ice beasts (D:9)
  2 black bears (D:9)
  12 ogres
  2 phantoms
  7 centaurs
  2 crocodiles
  2 big kobolds (D:11)
  6 bullfrogs
  A gnoll sergeant (D:9)
  3 scorpions
  18 killer bees
  4 wights (D:10)
  6 crimson imps
  4 hounds
  A bullfrog zombie (D:5)
  22 orc priests
  5 gnoll shamans
  2 bullfrog skeletons
  3 iguanas
  Jessica (D:3)
  26 orc wizards
  7 worker ants
  A bullfrog simulacrum (D:9)
  A hound skeleton (D:5)
  A howler monkey zombie (D:7)
  6 adders
  21 gnolls
  A howler monkey skeleton (D:6)
  4 shadow imps
  2 white imps (D:9)
  2 oozes
  2 adder zombies
  4 adder skeletons
  3 worms
  2 adder simulacra (D:9)
  3 leopard geckos
  79 orcs
  5 ball pythons
  4 giant cockroaches
  5 hobgoblins
  7 jackals
  3 quokkas
  6 bats
  3 frilled lizards
  A giant cockroach zombie (D:5)
  11 goblins
  15 kobolds
  6 rats
  4 fungi (D:11)
420 creatures vanquished.

Vanquished Creatures (collateral kills)
  An ogre mage (Orc:2)
  3 two-headed ogres (Orc:2)
  An orc high priest (Orc:2)
  An orc sorcerer (Orc:2)
  A cyclops (Orc:2)
  A queen bee (D:9)
  2 wargs (Orc:2)
  11 orc warriors
  3 ogres (Orc:2)
  A wyvern skeleton (D:10)
  4 killer bees (D:9)
  2 orc priests (Orc:2)
  2 orc wizards (Orc:2)
  6 gnolls
  9 orcs (Orc:2)
48 creatures vanquished.

Vanquished Creatures (others)
  2 killer bees (D:9)
  4 slaves (D:8)
  7 fungi (D:9)
  A plant (D:9)
14 creatures vanquished.

Grand Total: 482 creatures vanquished

Notes
Turn   | Place    | Note
-------+----------+-------------------------------------------
     0 | D:1      | Johnny the Troll Berserker began the quest for the Orb.
     0 | D:1      | Reached XP level 1. HP: 22/22 MP: 0/0
   621 | D:1      | Reached XP level 2. HP: 29/29 MP: 1/1
  1022 | D:2      | Found a radiant altar of Vehumet.
  1071 | D:2      | Found a white marble altar of Elyvilon.
  1103 | D:2      | Reached skill level 3 in Long Blades
  1192 | D:2      | Reached ** piety under Trog
  1192 | D:2      | Reached XP level 3. HP: 34/36 MP: 2/2
  1398 | D:2      | Found a basalt altar of Yredelemnul.
  1541 | D:3      | Noticed Sigmund
  1546 | D:3      | Killed Sigmund
  1546 | D:3      | Reached skill level 4 in Long Blades
  1546 | D:3      | Reached XP level 4. HP: 40/44 MP: 3/3
  1546 | D:3      | Reached XP level 5. HP: 46/50 MP: 4/4
  1592 | D:3      | Noticed Grinder
  1597 | D:3      | Paralysed by Grinder for 2 turns
  1739 | D:3      | Paralysed by Grinder for 6 turns
  1802 | D:3      | Killed Grinder
  1802 | D:3      | Reached skill level 5 in Long Blades
  1802 | D:3      | Reached XP level 6. HP: 48/59 MP: 5/5
  2147 | D:3      | Found a runed translucent gate.
  2147 | D:3      | Noticed Jessica
  2148 | D:3      | Found a runed translucent gate.
  2148 | D:3      | Noticed Delamore's ghost (amateur HOFi)
  2149 | D:3      | Found a runed translucent gate.
  2156 | D:3      | Found a bloodstained altar of Trog.
  2158 | D:3      | Killed Jessica
  2158 | D:3      | Reached XP level 7. HP: 65/66 MP: 6/6
  2286 | D:3      | Found a roughly hewn altar of Beogh.
  2333 | D:3      | Killed Delamore's ghost
  2333 | D:3      | Reached skill level 6 in Long Blades
  2415 | D:4      | Found a blossoming altar of Fedhas.
  2415 | D:4      | Found a snail-covered altar of Cheibriados.
  2415 | D:4      | Found a stormy altar of Qazlal.
  2415 | D:4      | Found a hide-covered altar of Uskayaw.
  2415 | D:4      | Found a shadowy altar of Dithmenos.
  2415 | D:4      | Found an iron altar of Okawaru.
  2415 | D:4      | Found a sparkling altar of Nemelex Xobeh.
  2415 | D:4      | Found an opulent altar of Gozag.
  2532 | D:4      | Reached *** piety under Trog
  2923 | D:4      | Reached skill level 5 in Dodging
  3127 | D:4      | Reached XP level 8. HP: 66/74 MP: 7/7
  3163 | D:5      | Entered Level 5 of the Dungeon
  3268 | D:5      | Reached skill level 7 in Long Blades
  3946 | D:6      | Found a sacrificial altar of Ru.
  4581 | D:7      | Found a staircase to the Ecumenical Temple.
  4613 | D:7      | Reached skill level 8 in Long Blades
  4977 | D:7      | Reached XP level 9. HP: 77/77 MP: 8/8
  5322 | Temple   | Entered the Ecumenical Temple
  5591 | D:8      | Found a flagged portal.
  5602 | D:8      | Reached **** piety under Trog
  5612 | Bailey   | Entered a bailey
  5823 | Bailey   | Noticed an orc knight
  5852 | Bailey   | Killed an orc knight
  5852 | Bailey   | Reached skill level 9 in Long Blades
  5894 | Bailey   | Noticed an orc knight
  5914 | Bailey   | Killed an orc knight
  5996 | Bailey   | Found a burning altar of Makhleb.
  6068 | D:8      | Found a burning altar of Makhleb.
  6185 | D:7      | Got an encrusted scythe
  6252 | D:8      | Noticed Pikel
  6267 | D:8      | Killed Pikel
  6267 | D:8      | Reached skill level 10 in Long Blades
  6282 | D:8      | Reached XP level 10. HP: 68/85 MP: 9/9
  6460 | D:8      | Noticed a two-headed ogre
  6470 | D:8      | Killed a two-headed ogre
  7147 | D:9      | Reached skill level 11 in Long Blades
  7190 | D:9      | Found a staircase to the Lair.
  7464 | D:9      | Noticed Ceqiddiy's ghost (novice MiMo)
  7516 | D:9      | Found a runed translucent gate.
  7516 | D:9      | Found a runed translucent gate.
  7516 | D:9      | Found a runed translucent gate.
  7555 | D:9      | Noticed a two-headed ogre
  7566 | D:9      | Killed a two-headed ogre
  7937 | D:10     | Entered Level 10 of the Dungeon
  7937 | D:10     | Noticed Maurice
  7955 | D:10     | Noticed Nergalle
  8081 | D:10     | Killed Nergalle
  8081 | D:10     | Reached XP level 11. HP: 94/94 MP: 10/10
  8205 | D:10     | Killed an unseen horror
  8205 | D:10     | Reached skill level 12 in Long Blades
  8605 | D:10     | Found a staircase to the Orcish Mines.
  8899 | Orc:1    | Entered Level 1 of the Orcish Mines
  9167 | D:11     | Reached ***** piety under Trog
 10724 | D:9      | Received a gift from Trog
 10946 | D:9      | Reached skill level 13 in Long Blades
 10954 | D:9      | Killed Ceqiddiy's ghost
 11006 | D:9      | Got the ring "Zyaphore" {Fire}
 11143 | D:12     | Noticed a two-headed ogre
 11143 | D:12     | Noticed a deep elf mage
 11144 | D:12     | Noticed a purple ugly thing
 11255 | D:10     | Noticed Maurice
 11258 | D:10     | Killed Maurice the crocodile
 11717 | Orc:1    | Reached XP level 12. HP: 84/104 MP: 3/11
 11818 | Orc:2    | Entered Level 2 of the Orcish Mines
 11818 | Orc:2    | Found Mooluug's Distillery.
 11835 | Orc:2    | Bought a potion of curing for 33 gold pieces
 11835 | Orc:2    | Bought a potion of heal wounds for 55 gold pieces
 11884 | Orc:2    | Noticed Snorg
 11886 | Orc:2    | Noticed a two-headed ogre
 11892 | Orc:2    | Noticed a two-headed ogre
 11893 | Orc:2    | Noticed a two-headed ogre
 11894 | Orc:2    | Killed a two-headed ogre
 11894 | Orc:2    | Reached skill level 10 in Dodging
 11896 | Orc:2    | Killed Snorg
 11898 | Orc:2    | Found a runed translucent door.
 11898 | Orc:2    | Noticed a two-headed ogre
 11898 | Orc:2    | Noticed an ogre mage
 11899 | Orc:2    | Noticed a two-headed ogre
 11899 | Orc:2    | Noticed a two-headed ogre
 11900 | Orc:2    | Killed a two-headed ogre
 11903 | Orc:2    | Killed a two-headed ogre
 11905 | Orc:2    | Killed an ogre mage
 11905 | Orc:2    | Received a gift from Trog
 11906 | Orc:2    | Killed a two-headed ogre
 11907 | Orc:2    | Killed a two-headed ogre
 11909 | Orc:2    | Killed a two-headed ogre
 11996 | Orc:2    | Noticed an orc warlord
 12019 | Orc:2    | Killed an orc warlord
 12019 | Orc:2    | Reached skill level 14 in Long Blades
 12245 | Orc:2    | Identified the cursed +1 scythe of Jayhepn {venom, *Contam
                  | rElec Int+4} (You found it on level 7 of the Dungeon)
 12246 | Orc:2    | Identified the ring "Zyaphore" {Fire rPois Str+2} (You
                  | found it on level 9 of the Dungeon)
 12416 | Orc:2    | Found a roughly hewn altar of Beogh.
 12429 | Orc:2    | Noticed a two-headed ogre
 12440 | Orc:2    | Killed a two-headed ogre
 12592 | Orc:2    | Found a roughly hewn altar of Beogh.
 12592 | Orc:2    | Found Raulir's General Store.
 12612 | Orc:2    | Received a gift from Trog
 12658 | Orc:2    | Bought 2 scrolls of teleportation for 96 gold pieces
 12768 | Orc:2    | Found a staircase to the Elven Halls.
 12833 | Orc:2    | Found a roughly hewn altar of Beogh.
 12878 | Orc:2    | Found a roughly hewn altar of Beogh.
 12917 | Orc:2    | Found a roughly hewn altar of Beogh.
 12927 | Orc:2    | Found Gityugubb's Food Emporium.
 13072 | Orc:2    | Found a roughly hewn altar of Beogh.
 13075 | Orc:2    | Received a gift from Trog
 13126 | Orc:2    | Noticed an orc high priest
 13127 | Orc:2    | Killed an orc high priest
 13134 | Orc:2    | Noticed an orc warlord
 13147 | Orc:2    | Killed an orc warlord
 13205 | Orc:2    | Reached XP level 13. HP: 110/110 MP: 12/12
 13231 | Orc:2    | Found Furatoj's Antique Weapon Shoppe.
 13232 | Orc:2    | Found a roughly hewn altar of Beogh.
 13233 | Orc:2    | Found Dasun's Antique Armour Emporium.
 13388 | Orc:2    | Noticed pantherbaby's ghost (journeyman BaFi)
 13423 | Orc:2    | Killed pantherbaby's ghost
 13432 | Orc:2    | Got a scorched demon trident
 13642 | D:12     | Slain by a wyvern zombie

Levels and vault maps discovered:
D:1:      minmay_arrival_loop, layout_loops_corners
D:2:      layout_rooms, kennysheep_ying_yang, fiery_altar_vehumet, first_ration,
          serial_curves, eino_curves_01, eino_curves_02
D:3:      layout_rooms, biasface_ghost_orc_armoury, trog_three_pillars_becter,
          uniq_grinder, uniq_sigmund, uniq_jessica
D:4:      layout_basic, grunt_temple_overflow_open
D:5:      layout_basic, grunt_ministairs_1
D:6:      layout_loops_corners, nicolae_ru_awakened_eye
D:7:      layout_basic, minmay_temple_entry_statues_fountains
D:8:      layout_rooms, lemuel_coloured_pillars_altar, enter_bailey_2,
          chequers_avenue, david_nohive_1, uniq_pikel
D:9:      layout_loops_ring, due_lair_maze_entry_diamond, special_room
          [special_room_bee], gammafunk_ghost_icy
D:10:     minmay_evil_eye, layout_loops_cross, mrwooster_statue_mirror,
          grunt_ministairs_9, serial_bayou_pond_d, uniq_nergalle, uniq_maurice
D:11:     kennysheep_seaside_town, layout_rooms
D:12:     layout_rooms, gammafunk_ghost_wrathful_warriors
Temple:   jpeg_temple_alley_garden
Orc:1:    layout_caves
Orc:2:    grunt_orc_community_town_hall, layout_caves,
          grunt_orc_community_big_house_1, grunt_orc_community_big_house_2,
          grunt_orc_community_house_3, grunt_orc_community_house_3,
          grunt_orc_community_house_2, grunt_orc_community_house_3,
          grunt_orc_community_house_3, serial_shops, shop,
          ebering_ghost_reflecting_pool, lemuel_statue_altar, uniq_snorg

Skill      XL: |  1  2  3  4  5  6  7  8  9 10 11 12 |
---------------+-------------------------------------+-----
Long Blades    | 3 4 5 6 8 10 11 13 14 | 14.9
Dodging        | 3 4 5 6 7 8 9 11 | 11.1
Fighting       | |  2.4

Action                   |  1- 3 |  4- 6 |  7- 9 | 10-12 | 13-15 || total
-------------------------+-------+-------+-------+-------+-------++-------
Melee: Falchion          |   102 |    65 |   500 |   428 |       ||  1095
       Short sword       |       |       |       |   260 |       ||   260
       Scimitar          |       |       |       |   155 |       ||   155
       Great sword       |       |       |       |   266 |    40 ||   306
Invok: Berserk           |     1 |     2 |     9 |    22 |     2 ||    36
       Trog's Hand       |       |     1 |       |     3 |       ||     4
       Brothers in Arms  |       |       |     1 |     6 |       ||     7
Evoke: Wand              |       |       |    30 |    57 |       ||    87
  Use: Scroll            |       |       |     9 |     9 |       ||    18
       Potion            |       |       |       |     5 |       ||     5
 Stab: Invisible         |       |       |       |     2 |       ||     2
  Eat: Chunk             |    20 |     8 |    47 |    88 |     3 ||   166
Armor: Animal skin       |    51 |    22 |     1 |       |       ||    74
       Robe              |       |       |   158 |   229 |       ||   387
       Troll leather arm |       |       |       |    94 |    18 ||   112
Dodge: Dodged            |    60 |    30 |   342 |   783 |    41 ||  1256
       Rpst.: Falchion   |    19 |    10 |    92 |    76 |       ||   197
       Scimitar          |       |       |       |    22 |       ||    22
       Great sword       |       |       |       |    59 |    10 ||    69
